 Dungeon Crawl Stone Soup version 0.27-a0-906-g0a00ce863d (webtiles) character file.

Game seed: 7383152353563600641

49 septik the Chopper (level 3, 0/31 HPs)
             Began as a Minotaur Fighter on Apr 6, 2021.
             Succumbed to Terence's poison
             ... on level 2 of the Dungeon.
             The game lasted 00:04:45 (1534 turns).

septik the Chopper (Minotaur Fighter)               Turns: 1534, Time: 00:04:45

Health: 0/31       AC:  6    Str: 21    XL:     3   Next: 53%
Magic:  4/4        EV:  7    Int:  5    God:
Gold:   0          SH:  9    Dex:  9    Spells: 4/4 levels left

rFire    . . .     SeeInvis .   a - +0 war axe
rCold    . . .     Faith    .   c - +0 kite shield
rNeg     . . .     Spirit   .   b - +0 scale mail
rPois    .         Reflect  .   (helmet restricted)
rElec    .         Harm     .   (no cloak)
rCorr    .         Rampage  .   (no gloves)
Will     .....                  (no boots)
Stlth    ..........             (no amulet)
HPRegen  0.10/turn              (no ring)
MPRegen  0.09/turn              (no ring)

@: lethally poisoned (0 -> -15)
A: horns 2, retaliatory headbutt
a: no special abilities


You were on level 2 of the Dungeon.
You visited 1 branch of the dungeon, and saw 2 of its levels.

Inventory:

Hand Weapons
 a - a +0 war axe (weapon)
Missiles
 j - 36 stones (quivered)
Armour
 b - a +0 scale mail (worn)
 c - a +0 kite shield (worn)
Jewellery
 g - an amulet of faith
Scrolls
 e - a scroll of teleportation {unknown}
 f - a scroll of fog {unknown}
 h - a scroll of amnesia {unknown}
Potions
 d - a potion of might
 i - a potion of heal wounds {unknown}


   Skills:
 - Level 3.6 Fighting
 + Level 3.8 Axes
 - Level 3.6 Armour
 - Level 3.6 Shields
 + Level 1.4 Spellcasting


You had 4 spell levels left.
You didn't know any spells.
Your spell library contained the following spells:

 Spells                   Type           Power      Damage    Failure   Level
 Magic Dart               Conj           0%         1d3       99%         1
 Blink                    Tloc           N/A        N/A       100%        2
 Call Imp                 Summ           0%         N/A       100%        2
 Slow                     Hex            0%         N/A       100%        2
 Conjure Flame            Conj/Fire      0%         6-21      100%        3
 Mephitic Cloud           Conj/Pois/Air  0%         N/A       100%        3


Dungeon Overview and Level Annotations

Branches:
Dungeon (2/15)

Altars:

Shops:
D:1 *

Annotations:
D:1 exclusion: downstairs
D:2 exclusion: upstairs, Terence


Innate Abilities, Weirdness & Mutations

You have a pair of horns on your head.
You reflexively headbutt those who attack you in melee.


Message History

You shout for attention!
What are your orders? t - Shout!
Orders for allies: a - Attack new target. r - Retreat! s - Stop attacking. g - Guard the area. f - Follow me.
Anything else - Cancel.
You shout for attention!
What are your orders? t - Shout!
Orders for allies: a - Attack new target. r - Retreat! s - Stop attacking. g - Guard the area. f - Follow me.
Anything else - Cancel.
You shout for attention!
There is an open door here.
Terence is nearby!
You barely miss Terence. You headbutt Terence, but do no damage.
Terence hits you but does no damage.
You are poisoned.
Terence hits you with a +0 short sword of venom.
You are more poisoned.
You closely miss Terence.
You feel very sick.
Terence hits you with a +0 short sword of venom.
You are more poisoned.
You slash Terence!
Terence is heavily wounded.
You feel very sick. Terence barely misses you.
Terence hits you but does no damage.
You are lethally poisoned!
You closely miss Terence. Your headbutt misses Terence.
Terence is heavily wounded.
You feel very sick.
Terence zaps a wand.
The puff of flame hits you!
* * * LOW HITPOINT WARNING * * *
You hit Terence but do no damage.
Terence is heavily wounded.
You die...

....# #.# #.## .####
##'## #.# .# ##...## #.#
.# ##.....## ##.# ##
##.......## ##..#
.####.........####..>##
....'...).....'.......#
.####.....>...####...###
## ##.......#.@@..<...#
# ##.....##.#####.#.#
##..@###.# #.#.# ##'##
#.# #.# # #.# #.# .#
#.).##.# .....#.#
........# )..........


You could see Terence.

Vanquished Creatures
  An adder skeleton (D:2)
  A worm (D:2)
  3 dart slugs (D:1)
  3 endoplasms (D:1)
  4 goblins
  6 hobgoblins
  2 ball pythons (D:1)
  7 bats
  2 frilled lizards (D:1)
  3 kobolds
  6 rats
38 creatures vanquished.

Notes
Turn   | Place    | Note
-------+----------+-------------------------------------------
     0 | D:1      | septik the Minotaur Fighter began the quest for the Orb.
     0 | D:1      | Reached XP level 1. HP: 19/19 MP: 0/0
   378 | D:1      | Reached XP level 2. HP: 22/26 MP: 1/1
   493 | D:1      | Found Tydad's Assorted Antiques.
   590 | D:1      | Reached skill level 1 in Spellcasting
   854 | D:1      | Reached XP level 3. HP: 31/31 MP: 3/3
  1195 | D:2      | Noticed Terence
  1534 | D:2      | Succumbed to Terence's poison

Illustrated notes

Levels and vault maps discovered:
D:1:      sevenhm_arrival_forest_fort_large_4, layout_rooms, serial_shops, shop,
          minmay_misc_feat_plants
D:2:      kennysheep_the_goblin_king, layout_loops_corners,
          basic_ecumenical_altar, uniq_terence, uniq_natasha

Skill      XL: |  1  2 |
---------------+-------+-----
Axes           | 3 |  3.8
Spellcasting   | 1 |  1.4
Fighting       | |  3.6
Armour         | |  3.6
Shields        | |  3.6

Action                   || total
-------------------------++-------
Melee: War axe           ||    98
       Headbutt          ||    15
Armor: Scale mail        ||    46
Dodge: Dodged            ||    33
Block: Kite shield       ||    57

Table legend: (Time is in decaauts)
 A = Elapsed time spent in this place.
 B = Non-inter-level travel time spent in this place.
 C = Inter-level travel time spent in this place.
 D = Time resting spent in this place.
 E = Time spent auto-exploring this place.
 F = Levels seen in this place.
 G = Mean time per level.
                   A        B        C        D        E       F      G
               +--------+--------+--------+--------+--------+-----+--------+
         Total |   1590 |   1567 |     23 |    169 |    903 |   2 |  795.0 |
       Dungeon |   1590 |   1567 |     23 |    169 |    903 |   2 |  795.0 |
               +--------+--------+--------+--------+--------+-----+--------+

Top non-repeatable levels by time:
     D:1: 1081 daAuts
     D:2: 508 daAuts
